 Dungeon Crawl Stone Soup version 0.21.1-1-g345015f (webtiles) character file.

65440 vatarom the Protected (level 15, -7/115 HPs)
             Began as a Gnoll Wanderer on Apr 7, 2018.
             Was a High Priest of Nemelex Xobeh.
             Splashed by an acid dragon's acid (15 damage)
             ... on level 14 of the Dungeon.
             The game lasted 01:09:48 (27300 turns).

vatarom the Protected (Gnoll Wanderer)             Turns: 27300, Time: 01:09:49

Health: -7/115     AC: 15    Str: 19    XL:     15   Next: 16%
Magic:  0/29       EV: 18    Int: 17    God:    Nemelex Xobeh [*****.]
Gold:   1459       SH:  2    Dex: 22    Spells: 20/34 levels left

rFire    . . .     SeeInvis +   p - +5 dire flail (freeze)
rCold    + + .     Gourm    .   (shield currently unavailable)
rNeg     . . .     Faith    .   b - +0 ring mail
rPois    +         Spirit   +   W - +2 helmet {Int+3}
rElec    .         Reflect  +   w - scarf {Spirit}
rCorr    .         Harm     .   B - +2 pair of gloves {Dex+3}
MR       +....                  r - +0 pair of boots
Stlth    ++++......             u - +2 amulet of reflection
HPRegen  0.29/turn              a - ring of see invisible
MPRegen  0.21/turn              f - ring of protection from cold

@: about to teleport, very slightly contaminated, heavily drained
A: distributed training, fangs 1, agile 1, cold resistance 1, poison resistance,
strong nose
a: Triple Draw, Deal Four, Stack Five, Renounce Religion


You were on level 14 of the Dungeon.
You worshipped Nemelex Xobeh.
Nemelex Xobeh was extremely pleased with you.
You were not hungry.

You visited 3 branches of the dungeon, and saw 21 of its levels.
You also visited: Labyrinth.

You collected 1459 gold pieces.

Inventory:

Hand Weapons
 p - a +5 dire flail of freezing (weapon)
Missiles
 k - 6 needles of sleeping
Armour
 b - a +0 ring mail (worn)
 r - a +0 pair of boots (worn)
 w - a scarf of spirit shield (worn)
 B - a +2 pair of gloves of dexterity (worn)
 W - a +2 helmet of intelligence (worn)
Jewellery
 a - a ring of see invisible (left hand)
 f - a ring of protection from cold (right hand)
 u - a +2 amulet of reflection (around neck)
Wands
 h - a wand of scattershot (6)
 o - a wand of iceblast (18)
 s - a wand of polymorph (10)
 y - a wand of digging (8)
 I - a wand of enslavement (13)
Scrolls
 i - 14 scrolls of remove curse
 m - 2 scrolls of enchant weapon
 q - a scroll of noise {unknown}
 t - 8 scrolls of teleportation
 C - 6 scrolls of amnesia
 R - a scroll of holy word
 S - a scroll of fog
 U - a scroll of fear
 X - a scroll of magic mapping
Potions
 c - 2 potions of brilliance
 j - 2 potions of flight
 n - a potion of invisibility
 A - a potion of berserk rage
 E - 3 potions of agility
 M - a potion of haste
 Z - 2 potions of might
Books
 v - a Necronomicon

   Spells                             Type                      Level
   a - Haunt                          Necromancy/Summoning         7
   b - Borgnjor's Revivification      Necromancy                   8
   c - Death's Door                   Charms/Necromancy            8
   d - Infestation                    Necromancy                   8
   e - Necromutation                  Transmutation/Necromancy     8
 x - a book of Air

   Spells                             Type                      Level
   a - Shock                          Conjuration/Air              1
   b - Swiftness                      Charms/Air                   2
   c - Static Discharge               Conjuration/Air              3
   d - Airstrike                      Air                          4
   e - Lightning Bolt                 Conjuration/Air              5
 z - a book of the Earth

   Spells                             Type                      Level
   a - Leda's Liquefaction            Hexes/Earth                  4
   b - Bolt of Magma                  Conjuration/Fire/Earth       5
   c - Statue Form                    Transmutation/Earth          6
   d - Iron Shot                      Conjuration/Earth            6
   e - Shatter                        Earth                        9
 K - a book of Party Tricks

   Spells                             Type                      Level
   a - Summon Butterflies             Summoning                    1
   b - Apportation                    Translocation                1
   c - Lesser Beckoning               Translocation                3
   d - Tukima's Dance                 Hexes                        3
   e - Alistair's Intoxication        Transmutation/Poison         5
   f - Invisibility                   Hexes                        6
 N - a book of Misfortune

   Spells                             Type                      Level
   a - Confusing Touch                Hexes                        1
   b - Confuse                        Hexes                        3
   c - Gell's Gravitas                Translocation                3
   d - Petrify                        Transmutation/Earth          4
   e - Metabolic Englaciation         Hexes/Ice                    5
   f - Yara's Violent Unravelling     Hexes/Transmutation          5
 T - a book of Geomancy

   Spells                             Type                      Level
   a - Sandblast                      Earth                        1
   b - Passwall                       Transmutation/Earth          2
   c - Stone Arrow                    Conjuration/Earth            3
   d - Petrify                        Transmutation/Earth          4
   e - Lee's Rapid Deconstruction     Earth                        5
 Y - the Volume of Precision Catastrophes
   (You found it in a labyrinth)

   Spells                             Type                      Level
   a - Passwall                       Transmutation/Earth          2
   b - Bolt of Magma                  Conjuration/Fire/Earth       5
   c - Lee's Rapid Deconstruction     Earth                        5
   d - Shatter                        Earth                        9
Miscellaneous
 e - a plain deck of escape {drawn: 2}
 g - a plain deck of destruction {drawn: 3}
 l - a phial of floods (inert)
 D - a plain deck of escape {drawn: 4}
 H - an ornate deck of destruction {drawn: 5}
 J - a plain deck of destruction {drawn: 3}
 V - an ornate deck of escape {drawn: 10}
Comestibles
 d - 27 rations


   Skills:
 + Level 10.0(8.3) Fighting
 + Level 9.7(8.0) Short Blades
 + Level 9.7(8.0) Long Blades
 + Level 9.7(8.0) Axes
 + Level 10.6(8.9) Maces & Flails
 + Level 9.7(8.0) Polearms
 + Level 9.7(8.0) Staves
 + Level 9.7(8.0) Slings
 + Level 9.7(8.0) Bows
 + Level 9.7(8.0) Crossbows
 + Level 10.0(8.3) Throwing
 + Level 10.6(8.9) Armour
 + Level 9.7(8.0) Dodging
 + Level 9.7(8.0) Stealth
 + Level 9.7(8.0) Shields
 + Level 9.7(8.0) Unarmed Combat
 + Level 10.1(8.3) Spellcasting
 + Level 8.1(6.5) Conjurations
 + Level 8.1(6.5) Hexes
 + Level 8.1(6.5) Charms
 + Level 8.1(6.5) Summonings
 + Level 8.1(6.5) Necromancy
 + Level 8.1(6.5) Translocations
 + Level 8.1(6.5) Transmutations
 + Level 8.1(6.5) Fire Magic
 + Level 8.1(6.5) Ice Magic
 + Level 9.0(7.4) Air Magic
 + Level 8.1(6.5) Earth Magic
 + Level 8.1(6.5) Poison Magic
 + Level 10.5(8.7) Invocations
 + Level 10.0(8.3) Evocations


You had 20 spell levels left.
You knew the following spells:

 Your Spells              Type           Power        Failure   Level  Hunger
a - Apportation           Tloc           ####..       1%          1    None
b - Blink                 Tloc           N/A          1%          2    None
c - Mephitic Cloud        Conj/Pois/Air  ####....     2%          3    #......
d - Swiftness             Chrm/Air       ####....     1%          2    None
e - Gell's Gravitas       Tloc           ####......   3%          3    #......
f - Confuse               Hex            ####....     3%          3    #......


Dungeon Overview and Level Annotations

Branches:
Dungeon (14/15)            Temple (1/1) D:6            Lair (6/6) D:11
  Swamp (0/4) Lair:3       Spider (0/4) Lair:2        Slime (0/5) Lair:6
    Orc (0/2) D:9          Vaults (0/5) D:13

Altars:
Ashenzari
Cheibriados
Dithmenos
Elyvilon
Fedhas
Gozag
Hepliaklqana
Kikubaaqudgha
Makhleb
Nemelex Xobeh
Okawaru
Qazlal
Ru
Sif Muna
Trog
Uskayaw
Vehumet
Wu Jian
Xom
Yredelemnul
Zin
The Shining One

Shops:
D:4 (   D:13 [


Innate Abilities, Weirdness & Mutations

Your experience applies equally to all skills.
You have very sharp teeth.
Your uncanny sense of smell can sniff out nearby items.
You are agile. (Dex +2)
Your flesh is cold resistant. (rC+)
Your system is resistant to poisons. (rPois)


Message History

* * * LOW HITPOINT WARNING * * *
The meliai simulacrum freezes you. You resist.
* * * LOW HITPOINT WARNING * * *
Casting: Blink
Confirm with . or Enter, or press ? or * to list all spells.
You blink.
An acid dragon comes into view.
The deep elf mage gestures at you while chanting.
The sticky flame hits your air elemental.
Unknown command.
Casting: Blink
Confirm with . or Enter, or press ? or * to list all spells.
You blink.
Your air elemental hits the meliai simulacrum.
The acid dragon spits acid at you. The splash of acid hits you!
* * * LOW HITPOINT WARNING * * *
You are splashed with acid!
The acid burns!
You die...
Your body glows with a rainbow of weird colours and disappears.

..........# ..........#
#........<#
#.........#####
#..............
#####..............
...........<..#####
..............#
#.....@......#
#.........(..# .
#............#####
...#####...D............
.........Z............
.......ยง............###
...####.E#########..#
#..# #..# #..# #..#


You could see an acid dragon, a meliai simulacrum and a friendly air elemental.

Vanquished Creatures
  A minotaur (Lab)
  3 hydras
  7 two-headed ogres
  A centaur warrior (D:13)
  A deep troll earth mage (D:14)
  Sonja (D:14)
  The ghost of iamserjio the Ogre Mage, a novice OgFE of Yredelemnul (D:5)
  A fire crab (Lair:6)
  A lindwurm (Lair:6)
  3 deep elf magi
  A wizard (D:13)
  7 ugly things
  A cyclops (D:11)
  4 elephants (Lair:6)
  A manticore (D:13)
  3 black mambas
  An eye of devastation (Lair:6)
  A torpor snail (Lair:4)
  3 gargoyles
  12 spiny frogs
  3 molten gargoyles (Lair:6)
  3 rime drakes (Lair:3)
  A freezing wraith (D:13)
  15 komodo dragons
  2 trolls
  2 hornets
  13 blink frogs
  10 hippogriffs
  2 redbacks (Lair:2)
  8 spriggans (Lair:2)
  Sigmund (D:4)
  8 wyverns
  2 wraiths (D:14)
  24 yaks
  A basilisk (Lair:1)
  6 hungry ghosts
  Menkaure (D:4)
  6 vampire mosquitoes
  13 water moccasins
  Duvessa (D:4)
  2 acid dragons
  2 soldier ants (D:13)
  13 porcupines
  4 hell hounds (Lair:6)
  A swamp drake (D:9)
  A hornet zombie (D:13)
  11 ice beasts
  A sky beast (D:9)
  3 orc warriors
  An eye of draining (Lair:6)
  A phantom (D:7)
  7 ogres
  An ogre (shapeshifter) (D:14)
  16 wolves
  10 centaurs
  6 crocodiles
  A big kobold (D:7)
  18 bullfrogs
  A gnoll sergeant (D:12)
  A wyvern zombie (D:13)
  Dowan (D:5)
  A scorpion (D:5)
  11 killer bees
  2 electric eels (Lair:1)
  3 wights (D:10)
  A howler monkey (D:14)
  3 crimson imps
  4 lava snakes (Lair:6)
  A bullfrog zombie (D:12)
  4 orc priests
  3 bullfrog skeletons
  2 jellies
  9 hounds
  10 orc wizards
  A centaur skeleton (D:10)
  An iron imp (D:9)
  14 worker ants
  6 iguanas
  7 hell rats
  A hound zombie (D:9)
  2 worker ant zombies
  10 gnolls
  14 adders
  4 river rats (Lair:3)
  3 shadow imps
  A white imp (D:9)
  2 oozes
  An adder zombie (D:5)
  4 worms
  2 dart slugs (D:2)
  7 leopard geckos
  44 orcs
  A ball python (D:4)
  8 bats
  4 giant cockroaches
  11 hobgoblins
  2 jackals (D:6)
  7 kobolds
  3 quokkas
  6 frilled lizards
  9 goblins
  A jackal skeleton (D:9)
  A quokka skeleton (D:5)
  10 rats
  A fungus (Lair:4)
  A plant (Lair:1)
521 creatures vanquished.

Vanquished Creatures (collateral kills)
  Rupert (D:14)
  Gastronok (Lair:3)
  A very ugly thing (D:14)
  A fire dragon (Lair:6)
  4 hydras
  2 two-headed ogres
  The ghost of Oravi the Martial Artist, a novice MfTm of Qazlal (D:9)
  2 deep elf magi
  4 ugly things (D:14)
  A cyclops (D:13)
  A black mamba (Lair:6)
  3 elephants (Lair:6)
  4 gargoyles
  Joseph (D:8)
  A spiny frog (Lair:2)
  Psyche (D:8)
  2 trolls
  2 jumping spiders (Lair:2)
  2 hippogriffs
  A basilisk (D:13)
  3 yaks (Lair:5)
  3 wargs (D:9)
  A water moccasin (Lair:2)
  A water moccasin (shapeshifter) (D:14)
  An ice beast (D:12)
  A sky beast (D:14)
  2 orc warriors
  An ogre (D:10)
  An eye of draining (D:14)
  2 necrophages
  2 wolves (Lair:3)
  3 crocodiles
  2 centaurs (D:12)
  A bullfrog (Lair:5)
  A gnoll sergeant (D:7)
  5 killer bees (D:9)
  3 wights (D:10)
  A lava snake (Lair:6)
  A crimson imp (D:10)
  A hound (D:11)
  An orc wizard (D:10)
  A hell rat (Lair:3)
  A worker ant zombie (D:9)
  10 gnolls
  2 adders
  A shadow imp (D:10)
  3 orcs (D:10)
  A quokka (D:11)
92 creatures vanquished.

Vanquished Creatures (others)
  A hydra (Lair:2)
  A centaur zombie (D:14)
  A water moccasin (Lair:2)
  An orc (D:9)
  6 fungi
  7 plants
17 creatures vanquished.

Grand Total: 630 creatures vanquished

Notes
Turn   | Place    | Note
-------+----------+-------------------------------------------
     0 | D:1      | vatarom the Gnoll Wanderer began the quest for the Orb.
     0 | D:1      | vatarom set off with: a +2 mace, a +0 ring mail, a potion of lignification, a ration
     0 | D:1      | Reached XP level 1. HP: 17/17 MP: 4/4
    98 | D:1      | Reached XP level 2. HP: 20/23 MP: 5/5
   782 | D:2      | Found an ancient bone altar of Kikubaaqudgha.
   784 | D:2      | Found a deep blue altar of Sif Muna.
   786 | D:2      | Found a radiant altar of Vehumet.
   790 | D:2      | Identified Sif Muna's Catalogue of Translocation
   835 | D:2      | Learned a level 1 spell: Apportation
   980 | D:2      | Reached XP level 3. HP: 28/28 MP: 7/7
  1188 | D:2      | Reached skill level 1 in Invocations
  1407 | D:2      | Reached skill level 1 in Short Blades
  1407 | D:2      | Reached skill level 1 in Long Blades
  1407 | D:2      | Reached skill level 1 in Axes
  1407 | D:2      | Reached skill level 1 in Polearms
  1407 | D:2      | Reached skill level 1 in Staves
  1407 | D:2      | Reached skill level 1 in Slings
  1407 | D:2      | Reached skill level 1 in Bows
  1407 | D:2      | Reached skill level 1 in Crossbows
  1407 | D:2      | Reached skill level 1 in Dodging
  1407 | D:2      | Reached skill level 1 in Stealth
  1407 | D:2      | Reached skill level 1 in Shields
  1407 | D:2      | Reached skill level 1 in Unarmed Combat
  1511 | D:2      | Reached XP level 4. HP: 32/34 MP: 8/8
  2002 | D:2      | Noticed a centaur
  2008 | D:2      | Killed a centaur
  2008 | D:2      | Reached skill level 1 in Conjurations
  2008 | D:2      | Reached skill level 1 in Hexes
  2008 | D:2      | Reached skill level 1 in Charms
  2008 | D:2      | Reached skill level 1 in Summonings
  2008 | D:2      | Reached skill level 1 in Necromancy
  2008 | D:2      | Reached skill level 1 in Translocations
  2008 | D:2      | Reached skill level 1 in Transmutations
  2008 | D:2      | Reached skill level 1 in Fire Magic
  2008 | D:2      | Reached skill level 1 in Ice Magic
  2008 | D:2      | Reached skill level 1 in Earth Magic
  2008 | D:2      | Reached skill level 1 in Poison Magic
  2008 | D:2      | Reached XP level 5. HP: 32/40 MP: 9/9
  2325 | D:3      | Found a hide-covered altar of Uskayaw.
  2332 | D:3      | Found a shadowy altar of Dithmenos.
  2712 | D:3      | Found a white marble altar of Elyvilon.
  2857 | D:4      | Noticed an ogre
  2860 | D:4      | Noticed Sigmund
  2864 | D:4      | Killed an ogre
  2864 | D:4      | Reached XP level 6. HP: 47/47 MP: 9/11
  2864 | D:4      | Killed Sigmund
  2864 | D:4      | Reached skill level 5 in Maces & Flails
  2864 | D:4      | Reached skill level 5 in Armour
  2864 | D:4      | Reached XP level 7. HP: 52/52 MP: 9/12
  2891 | D:4      | Found Hutaagej's Antique Weapon Shop.
  2957 | D:4      | Noticed Menkaure
  2969 | D:4      | Killed Menkaure
  3785 | D:5      | Entered Level 5 of the Dungeon
  3786 | D:5      | Noticed Dowan
  3791 | D:5      | Noticed Duvessa
  3796 | D:5      | Killed Dowan
  3796 | D:5      | Reached XP level 8. HP: 60/60 MP: 14/14
  3840 | D:4      | Killed Duvessa
  4206 | D:5      | Noticed iamserjio's ghost (novice OgFE)
  4218 | D:5      | Killed iamserjio's ghost
  4453 | D:5      | Found a glowing silver altar of Zin.
  4453 | D:5      | Noticed an angel
  4590 | D:5      | Reached XP level 9. HP: 66/66 MP: 16/16
  4718 | D:5      | Found an iron altar of Okawaru.
  4975 | D:5      | Reached skill level 5 in Air Magic
  5393 | D:6      | Found a staircase to the Ecumenical Temple.
  5431 | Temple   | Entered the Ecumenical Temple
  5434 | Temple   | Reached skill level 5 in Spellcasting
  5533 | Temple   | Became a worshipper of Nemelex Xobeh the Trickster
  5659 | D:6      | Received a gift from Nemelex Xobeh
  5737 | D:6      | Found a basalt altar of Yredelemnul.
  5833 | D:6      | HP: 2/67 [orc warrior/short sword (7)]
  6304 | D:6      | Reached skill level 5 in Fighting
  6304 | D:6      | Reached skill level 5 in Throwing
  6304 | D:6      | Reached skill level 5 in Evocations
  6524 | D:7      | Found a snail-covered altar of Cheibriados.
  6524 | D:7      | Found an opulent altar of Gozag.
  6857 | D:7      | Found a bloodstained altar of Trog.
  7021 | D:7      | Noticed a two-headed ogre
  7043 | D:7      | Killed a two-headed ogre
  7043 | D:7      | Reached skill level 5 in Invocations
  7600 | D:7      | Reached XP level 10. HP: 69/74 MP: 18/18
  7640 | D:7      | Reached * piety under Nemelex Xobeh
  7743 | D:7      | Received a gift from Nemelex Xobeh
  7921 | D:7      | You fall through a shaft for 2 floors!
  8362 | D:8      | Reached skill level 5 in Short Blades
  8362 | D:8      | Reached skill level 5 in Long Blades
  8362 | D:8      | Reached skill level 5 in Axes
  8362 | D:8      | Reached skill level 5 in Polearms
  8362 | D:8      | Reached skill level 5 in Staves
  8362 | D:8      | Reached skill level 5 in Slings
  8362 | D:8      | Reached skill level 5 in Bows
  8362 | D:8      | Reached skill level 5 in Crossbows
  8362 | D:8      | Reached skill level 5 in Dodging
  8362 | D:8      | Reached skill level 5 in Stealth
  8362 | D:8      | Reached skill level 5 in Shields
  8362 | D:8      | Reached skill level 5 in Unarmed Combat
  8553 | D:8      | Noticed Psyche
  8563 | D:8      | Killed Psyche
  8928 | D:8      | Noticed Joseph
  8935 | D:8      | Killed Joseph
  9197 | D:8      | Reached ** piety under Nemelex Xobeh
  9197 | D:8      | Received a gift from Nemelex Xobeh
  9501 | D:9      | Noticed Oravi's ghost (novice MfTm)
  9514 | D:9      | Killed Oravi's ghost
  9906 | D:9      | Paralysed by a hornet for 1 turns
  9914 | D:9      | Paralysed by a hornet for 3 turns
 10041 | D:9      | Found a staircase to the Orcish Mines.
 10285 | D:9      | Reached XP level 11. HP: 51/82 MP: 20/20
 10783 | D:9      | Noticed a deep elf mage
 10789 | D:9      | Killed a deep elf mage
 10796 | D:9      | Noticed a deep elf mage
 10801 | D:9      | Killed a deep elf mage
 10806 | D:9      | Got an ancient hat
 10817 | D:9      | Identified the +0 hat of Bitterness {rElec rPois Str-5} (You found it on level 9 of the Dungeon)
 10878 | D:9      | Reached skill level 5 in Conjurations
 10878 | D:9      | Reached skill level 5 in Hexes
 10878 | D:9      | Reached skill level 5 in Charms
 10878 | D:9      | Reached skill level 5 in Summonings
 10878 | D:9      | Reached skill level 5 in Necromancy
 10878 | D:9      | Reached skill level 5 in Translocations
 10878 | D:9      | Reached skill level 5 in Transmutations
 10878 | D:9      | Reached skill level 5 in Fire Magic
 10878 | D:9      | Reached skill level 5 in Ice Magic
 10878 | D:9      | Reached skill level 5 in Earth Magic
 10878 | D:9      | Reached skill level 5 in Poison Magic
 10882 | D:9      | Learned a level 2 spell: Blink
 10886 | D:9      | Learned a level 3 spell: Mephitic Cloud
 10941 | D:9      | Found a sacrificial altar of Ru.
 10975 | D:9      | Noticed a two-headed ogre
 10993 | D:9      | Killed a two-headed ogre
 11320 | D:10     | Entered Level 10 of the Dungeon
 11546 | D:10     | Received a gift from Nemelex Xobeh
 11552 | D:10     | Noticed a two-headed ogre
 11560 | D:10     | Killed a two-headed ogre
 11863 | D:10     | Reached *** piety under Nemelex Xobeh
 12023 | D:10     | Received a gift from Nemelex Xobeh
 12291 | D:11     | Noticed a cyclops
 12303 | D:11     | Killed a cyclops
 12342 | D:11     | Received a gift from Nemelex Xobeh
 13037 | D:11     | Noticed a four-headed hydra
 13060 | D:11     | Killed a four-headed hydra
 13272 | D:11     | Reached **** piety under Nemelex Xobeh
 13335 | D:11     | Received a gift from Nemelex Xobeh
 13371 | D:11     | Noticed a white ugly thing
 13398 | D:11     | Killed a white ugly thing
 13398 | D:11     | Reached XP level 12. HP: 70/91 MP: 21/23
 13494 | D:11     | Found a staircase to the Lair.
 13761 | D:12     | Noticed a two-headed ogre
 13761 | D:12     | Noticed a two-headed ogre
 13807 | D:12     | Noticed a two-headed ogre
 13817 | D:12     | Killed a two-headed ogre
 13822 | D:12     | Noticed a two-headed ogre
 13836 | D:12     | Killed a two-headed ogre
 14085 | D:12     | Killed a two-headed ogre
 14270 | D:12     | Killed a two-headed ogre
 14357 | D:12     | Found Ysigoxif's Magic Scroll Boutique.
 14723 | D:12     | Received a gift from Nemelex Xobeh
 15252 | D:13     | Found Yshriuwer's Specialty Armours.
 15565 | Lair:1   | Entered Level 1 of the Lair of Beasts
 15859 | Lair:1   | Received a gift from Nemelex Xobeh
 16051 | Lair:1   | Noticed a six-headed hydra
 16057 | Lair:1   | Killed a six-headed hydra
 16840 | Lair:2   | Reached XP level 13. HP: 78/98 MP: 25/25
 16865 | Lair:2   | Found a labyrinth entrance.
 16877 | Lab      | Entered a labyrinth
 17637 | Lab      | Received a gift from Nemelex Xobeh
 17775 | Lab      | Noticed a minotaur
 17777 | Lab      | Killed a minotaur
 17798 | Lab      | Identified the Volume of Precision Catastrophes
 17828 | Lab      | Got a clouded ivory ring
 17884 | Lair:2   | Identified the ring of Tephesigh {rCorr Dex+5 Slay-6} (You found it in a labyrinth)
 17905 | Lair:2   | Identified a scroll of acquirement
 18218 | Lair:2   | Received a gift from Nemelex Xobeh
 18244 | Lair:2   | Reached ***** piety under Nemelex Xobeh
 18407 | Lair:2   | Found a hole to the Spider Nest.
 18422 | Lair:2   | Gained mutation: You are agile. (Dex +2) [potion of mutation]
 18422 | Lair:2   | Gained mutation: Your flesh is cold resistant. (rC+) [potion of mutation]
 18422 | Lair:2   | Gained mutation: Your system is resistant to poisons. (rPois) [potion of mutation]
 19349 | Lair:3   | Received a gift from Nemelex Xobeh
 19831 | Lair:3   | Got a pair of brightly glowing gloves
 19848 | Lair:3   | Identified the +2 pair of gloves of Xann {*Corrode *Drain Str+9 Int+4} (You found it on level 3 of the Lair of Beasts)
 19910 | Lair:3   | Noticed Gastronok
 20449 | Lair:3   | Found a staircase to the Swamp.
 20532 | Lair:3   | Killed Gastronok
 20753 | Lair:4   | Received a gift from Nemelex Xobeh
 20808 | Lair:4   | Learned a level 2 spell: Swiftness
 21585 | Lair:4   | Received a gift from Nemelex Xobeh
 22460 | Lair:5   | Reached XP level 14. HP: 64/108 MP: 27/27
 22879 | Lair:5   | Learned a level 3 spell: Gell's Gravitas
 22883 | Lair:5   | Learned a level 3 spell: Confuse
 23054 | Lair:5   | Received a gift from Nemelex Xobeh
 23486 | Lair:6   | Entered Level 6 of the Lair of Beasts
 23600 | Lair:6   | Found a staircase to the Slime Pits.
 23921 | Lair:6   | Reached skill level 10 in Maces & Flails
 23921 | Lair:6   | Reached skill level 10 in Armour
 24325 | Lair:6   | Received a gift from Nemelex Xobeh
 24695 | Lair:6   | Received a gift from Nemelex Xobeh
 24846 | Lair:6   | Reached skill level 10 in Invocations
 25007 | Lair:6   | Found a large runed door.
 25292 | Lair:6   | Found a large runed door.
 25986 | D:13     | Found a glowing golden altar of the Shining One.
 26238 | D:13     | Found a gate to the Vaults.
 26591 | D:14     | Received a gift from Nemelex Xobeh
 26736 | D:14     | Noticed a brown very ugly thing
 26767 | D:14     | Killed a brown very ugly thing
 26845 | D:14     | Found a large runed door.
 26847 | D:14     | Found a large runed door.
 26896 | D:14     | Reached XP level 15. HP: 67/115 MP: 18/28
 26981 | D:14     | Found a glowing silver altar of Zin.
 26984 | D:14     | Found a white marble altar of Elyvilon.
 27006 | D:14     | Noticed Rupert
 27016 | D:14     | Killed Rupert
 27016 | D:14     | Reached skill level 10 in Spellcasting
 27108 | D:14     | Reached skill level 10 in Fighting
 27108 | D:14     | Reached skill level 10 in Throwing
 27108 | D:14     | Reached skill level 10 in Evocations
 27216 | D:14     | Noticed Sonja
 27243 | D:14     | Killed Sonja
 27300 | D:14     | Splashed by an acid dragon's acid

Skill      XL: |  1  2  3  4  5  6  7  8  9 10 11 12 13 14 15 |
---------------+----------------------------------------------+-----
Invocations    | 1 2 3 4 5 6 7 8 9 10 | 10.5
Short Blades   | 1 2 3 4 5 6 7 8 9 |  9.7
Long Blades    | 1 2 3 4 5 6 7 8 9 |  9.7
Axes           | 1 2 3 4 5 6 7 8 9 |  9.7
Polearms       | 1 2 3 4 5 6 7 8 9 |  9.7
Staves         | 1 2 3 4 5 6 7 8 9 |  9.7
Slings         | 1 2 3 4 5 6 7 8 9 |  9.7
Bows           | 1 2 3 4 5 6 7 8 9 |  9.7
Crossbows      | 1 2 3 4 5 6 7 8 9 |  9.7
Dodging        | 1 2 3 4 5 6 7 8 9 |  9.7
Stealth        | 1 2 3 4 5 6 7 8 9 |  9.7
Shields        | 1 2 3 4 5 6 7 8 9 |  9.7
Unarmed Combat | 1 2 3 4 5 6 7 8 9 |  9.7
Spellcasting   | 3 4 5 6 7 8 9 10 | 10.1
Conjurations   | 1 2 3 4 5 6 7 8 |  8.1
Hexes          | 1 2 3 4 5 6 7 8 |  8.1
Charms         | 1 2 3 4 5 6 7 8 |  8.1
Summonings     | 1 2 3 4 5 6 7 8 |  8.1
Necromancy     | 1 2 3 4 5 6 7 8 |  8.1
Translocations | 1 2 3 4 5 6 7 8 |  8.1
Transmutations | 1 2 3 4 5 6 7 8 |  8.1
Fire Magic     | 1 2 3 4 5 6 7 8 |  8.1
Ice Magic      | 1 2 3 4 5 6 7 8 |  8.1
Earth Magic    | 1 2 3 4 5 6 7 8 |  8.1
Poison Magic   | 1 2 3 4 5 6 7 8 |  8.1
Fighting       | 3 4 5 6 7 8 9 10 | 10.0
Throwing       | 3 4 5 6 7 8 9 10 | 10.0
Evocations     | 3 4 5 6 7 8 9 10 | 10.0
Air Magic      | 4 5 6 7 8 9 |  9.0
Maces & Flails | 5 6 7 8 9 10 | 10.6
Armour         | 5 6 7 8 9 10 | 10.6

Action                   |  1- 3 |  4- 6 |  7- 9 | 10-12 | 13-15 || total
-------------------------+-------+-------+-------+-------+-------++-------
Melee: Mace              |    91 |   106 |   397 |       |       ||   594
       Bite              |    11 |     8 |    64 |   107 |   129 ||   319
       Flail             |       |       |     9 |       |       ||     9
       Morningstar       |       |       |       |   330 |       ||   330
       Dire flail        |       |       |       |   354 |   830 ||  1184
 Fire: Shortbow          |       |       |       |     8 |       ||     8
Throw: Tomahawk          |       |       |       |     6 |       ||     6
 Cast: Apportation       |       |     3 |       |     1 |       ||     4
       Blink             |       |       |       |     1 |     7 ||     8
       Swiftness         |       |       |       |       |     2 ||     2
       Mephitic Cloud    |       |       |       |       |     1 ||     1
       Confuse           |       |       |       |       |    13 ||    13
       Gell's Gravitas   |       |       |       |       |     7 ||     7
Invok: Triple Draw       |       |       |       |     1 |     3 ||     4
       Deal Four         |       |       |       |     1 |     3 ||     4
Evoke: Wand              |       |     2 |     4 |    18 |    12 ||    36
       Deck              |       |       |     6 |    24 |    56 ||    86
       Phial of floods   |       |       |       |       |     2 ||     2
       Sack of spiders   |       |       |       |       |     3 ||     3
  Use: Scroll            |     3 |       |     7 |    15 |    13 ||    38
       Potion            |       |     1 |    13 |     3 |     7 ||    24
 Stab: Sleeping          |       |     1 |     5 |    13 |    11 ||    30
       Confused          |       |       |     2 |       |     1 ||     3
       Invisible         |       |       |     1 |       |       ||     1
       Distracted        |       |       |     1 |     3 |     9 ||    13
       Paralysed         |       |       |       |    12 |       ||    12
       Petrifying        |       |       |       |     1 |       ||     1
       Petrified         |       |       |       |       |     1 ||     1
  Eat: Chunk             |     2 |       |     9 |    11 |     9 ||    31
       Ration            |       |     1 |     2 |     8 |    11 ||    22
Armor: Ring mail         |    37 |    46 |   141 |   262 |   236 ||   722
       Skin              |       |       |     7 |       |       ||     7
Dodge: Dodged            |    45 |    56 |   228 |   487 |   585 ||  1401
Block: Buckler           |     6 |    30 |   108 |   102 |       ||   246
       Other             |       |       |       |       |    17 ||    17
